 Dungeon Crawl Stone Soup version 0.31-a0-435-g2c6fae2916 (webtiles) character file.

Game seed: 5106350667629173653

4 floatRand the Trooper (level 1, 0/24 HPs)
             Began as an Ogre Cinder Acolyte on Aug 1, 2023.
             Was a High Priest of Ignis.
             Slain by a hobgoblin
             ... wielding a +0 flail
              (8 damage)
             ... on level 1 of the Dungeon.
             The game lasted 00:00:09 (34 turns).

floatRand the Trooper (Ogre Cinder Acolyte)           Turns: 34, Time: 00:00:10

Health: 0/24       AC:  3    Str: 17    XL:     1   Next: 60%
Magic:  2/2        EV:  9    Int: 15    God:    Ignis [*****.]
Gold:   0          SH:  0    Dex:  4    Spells: 2/2 levels left

rFire   + . .        a - -1 mace (flame)
rCold   . . .        (no shield)
rNeg    . . .        b - +0 robe
rPois   .            (helmet restricted)
rElec   .            (no cloak)
rCorr   .            (gloves unavailable)
SInv    .            (boots unavailable)
Will    .....        (no amulet)
Stlth   +            (no ring)
HPRegen 0.24/turn    (no ring)
MPRegen 0.08/turn

%: no passive effects
@: no status effects
A: large, unfitting armour, tough skin 1
a: Renounce Religion, Fiery Armour, Foxfire Swarm, Rising Flame


You were on level 1 of the Dungeon.
You worshipped Ignis.
Ignis was extremely pleased with you.
You visited 1 branch of the dungeon, and saw 1 of its levels.

Inventory:

Hand Weapons
 a - a -1 mace of flaming (weapon)
Armour
 b - a +0 robe (worn)
Scrolls
 c - 2 scrolls of enchant weapon {unknown}


   Skills:
 - Level 4.0 Fighting
 * Level 2.9 Maces & Flails
 - Level 1.2 Spellcasting
 + Level 2.7 Fire Magic


You had 2 spell levels left.
You didn't know any spells.
Your spell library contained the following spells:

 Spells                   Type           Power      Damage    Failure   Level
 Scorch                   Fire           18%        2d5       12%         2


Dungeon Overview and Level Annotations

Branches:
Dungeon (1/15)

Altars:


Innate Abilities, Weirdness & Mutations

You are too large for most types of armour.
You have tough skin. (AC +1)


Message History

The hobgoblin is severely wounded.
The hobgoblin hits you.
You hit the hobgoblin. You burn the hobgoblin.
You kill the hobgoblin!
No target in view!
No target in view!
Unknown command.
You see here a rat corpse.
Found a cyan potion.
A hobgoblin comes into view.
Found a book of Storms.
The hobgoblin shouts!
A hobgoblin is nearby!
A hobgoblin is nearby!
A hobgoblin is nearby!
A ball python comes into view.
The hobgoblin barely misses you.
You hit the hobgoblin. You burn the hobgoblin.
The hobgoblin is severely wounded.
A hobgoblin comes into view. It is wielding a +0 flail.
The hobgoblin barely misses you. The hobgoblin hits you.
The hobgoblin shouts!
You hit the hobgoblin. You burn the hobgoblin.
You kill the hobgoblin!
You hear a shout!
The ball python bites you.
You hit the ball python. You burn the ball python.
You kill the ball python!
Unknown command.
Unknown command.
A rat comes into view.
The hobgoblin hits you with a +0 flail!
Unknown command.
You closely miss the hobgoblin.
A hobgoblin comes into view.
The hobgoblin hits you with a +0 flail.
Unknown command.
You closely miss the hobgoblin. The hobgoblin hits you with a +0 flail.
The rat bites you but does no damage. The hobgoblin hits you with a +0 flail!
You die...

. ..## ....#
######.##.#
#....:..... #
#........!.
.#.#.##r.........
... .#
...g...g@††......
#.. .
....##..........
..##. #
#..#..........
#......
#..#..........
...##...
#..##.....#...
##..##...
#..#...#### #.
#>...##>.##....#.#
#.<.###.........#
#....#..........##


You could see 2 hobgoblins and a rat.

Vanquished Creatures
  2 hobgoblins (D:1)
  A ball python (D:1)
  A rat (D:1)
4 creatures vanquished.

Notes
Turn   | Place    | Note
-------+----------+-------------------------------------------
     0 | D:1      | floatRand the Ogre Cinder Acolyte began the quest for the
                  | Orb.
     0 | D:1      | Reached XP level 1. HP: 24/24 MP: 2/2
    34 | D:1      | Slain by a hobgoblin

Illustrated notes

Levels and vault maps discovered:
D:1:      dpeg_arrival_long_road, layout_rooms, nicolae_twisty_statue_hallways

Action                     || total
---------------------------++-------
  Melee: Mace              ||     8
 Armour: Robe              ||     3
  Dodge: Dodged            ||     2

Table legend: (Time is in decaauts)
 A = Elapsed time spent in this place.
 B = Non-inter-level travel time spent in this place.
 C = Inter-level travel time spent in this place.
 D = Time resting spent in this place.
 E = Time spent auto-exploring this place.
 F = Levels seen in this place.
 G = Mean time per level.
                   A        B        C        D        E       F      G
               +--------+--------+--------+--------+--------+-----+--------+
         Total |     35 |     35 |      0 |      0 |      9 |   1 |   35.0 |
       Dungeon |     35 |     35 |      0 |      0 |      9 |   1 |   35.0 |
               +--------+--------+--------+--------+--------+-----+--------+

Top non-repeatable levels by time:
     D:1: 35 daAuts
